 Dungeon Crawl Stone Soup version 0.27.1 (webtiles) character file.

Game seed: 753153929555459628

83 greenlake the Covered (level 4, -1/39 HPs)
             Began as a Hill Orc Fighter on Aug 30, 2021.
             Succumbed to an orc's poison
             ... on level 2 of the Dungeon.
             The game lasted 00:04:11 (2265 turns).

greenlake the Covered (Hill Orc Fighter)            Turns: 2265, Time: 00:04:12

Health: -1/39      AC:  7    Str: 19    XL:     4   Next: 44%
Magic:  4/4        EV:  9    Int:  8    God:
Gold:   54         SH:  0    Dex: 10    Spells: 3/3 levels left

rFire    . . .     SeeInvis .   a - +0 long sword
rCold    . . .     Faith    .   (no shield)
rNeg     . . .     Spirit   .   b - +0 scale mail
rPois    .         Reflect  .   (no helmet)
rElec    .         Harm     .   (no cloak)
rCorr    .         Rampage  .   (no gloves)
Will     .....                  (no boots)
Stlth    ..........             (no amulet)
HPRegen  0.13/turn              (no ring)
MPRegen  0.09/turn              (no ring)

@: lethally poisoned (-1 -> -23)
A: no striking features
a: no special abilities


You were on level 2 of the Dungeon.
You visited 1 branch of the dungeon, and saw 3 of its levels.

You collected 54 gold pieces.

Inventory:

Hand Weapons
 a - a +0 long sword (weapon)
Missiles
 f - 2 silver javelins
 i - 5 javelins
 k - 3 boomerangs (quivered)
Armour
 b - a +0 scale mail (worn)
 c - a +0 kite shield
Wands
 n - a wand of iceblast (4)
Scrolls
 g - a scroll of fog {unknown}
 h - 2 scrolls of amnesia {unknown}
 j - a scroll of teleportation {unknown}
 m - a scroll of identify {unknown}
Potions
 d - a potion of might
 e - a potion of flight {unknown}
 l - 2 potions of curing {unknown}


   Skills:
 - Level 3.6 Fighting
 + Level 3.8 Long Blades
 + Level 4.5 Armour
 - Level 3.2 Shields


You had 3 spell levels left.
You didn't know any spells.
Your spell library contained the following spells:

 Spells                   Type           Power      Damage    Failure   Level
 Foxfire                  Conj/Fire      0%         2x1d4     77%         1
 Conjure Flame            Conj/Fire      0%         6-21      98%         3
 Inner Flame              Hex/Fire       0%         N/A       98%         3


Dungeon Overview and Level Annotations

Branches:
Dungeon (3/15)

Altars:


Message History

The orc hits you but does no damage.
There is a stone staircase leading up here.
The orc hits you but does no damage.
You climb upwards.
There is a stone staircase leading down here.
You hit the orc.
The orc is moderately wounded.
The orc hits you but does no damage. x2
You closely miss the orc.
The orc is moderately wounded.
The orc hits you with a +0 dagger.
You barely miss the orc.
The orc is moderately wounded.
The orc barely misses you.
You slash the orc!
You kill the orc!
Things that are here:
a +0 dagger; an orc corpse
Things that are here:
a +0 dagger; an orc corpse You start resting.
HP restored.
Okay, then.
There is a stone staircase leading down here.
You climb downwards.
The ball python barely misses you.
You riposte.
You hit the ball python.
You kill the ball python!
The orc hits you with a +0 short sword. The iguana closely misses you.
The orc hits you with a +2 war axe of venom!
You are poisoned.
The orc hits you but does no damage. The iguana bites you!
The orc hits you but does no damage.
You are lethally poisoned!
There is a stone staircase leading up, spattered with blood here.
You feel very sick. The orc closely misses you. The iguana barely misses you.
The orc hits you with a +2 war axe of venom!
* * * LOW HITPOINT WARNING * * *
You climb upwards.
You die...

#.# ##.## #.# #.# ###.# #.#
#.# #...# #######.# #.#
#.#.# #....##.# #.####.###
##+##....# #...#...###
###...##.###
######.#...⌠...###...⌠.'..#
.......###.....o.o.....#..#
.####### ###...)@l...####.#
## ###.....### #.# ##.⌠.##
####.# ###.....###....#
###....<....###.## ######
###.............#)# .....#
#.'.⌠...###...⌠...#
####.###.#...#######...###
#........##)## #..##.##


You could see an iguana and 2 orcs.

Vanquished Creatures
  2 adders (D:2)
  3 dart slugs
  2 orcs (D:2)
  3 endoplasms
  7 goblins
  5 hobgoblins
  3 jackals (D:2)
  8 kobolds
  3 quokkas (D:1)
  4 ball pythons
  6 bats
  4 frilled lizards
  4 rats
54 creatures vanquished.

Notes
Turn   | Place    | Note
-------+----------+-------------------------------------------
     0 | D:1      | greenlake the Hill Orc Fighter began the quest for the Orb.
     0 | D:1      | Reached XP level 1. HP: 19/19 MP: 1/1
   166 | D:1      | Reached XP level 2. HP: 23/26 MP: 2/2
   656 | D:1      | Reached XP level 3. HP: 29/31 MP: 3/3
   658 | D:1      | Found a faded altar of an unknown god.
   670 | D:1      | Reached skill level 4 in Armour
  1769 | D:2      | Reached XP level 4. HP: 39/39 MP: 4/4
  2265 | D:2      | Succumbed to an orc's poison

Illustrated notes

Levels and vault maps discovered:
D:1:      lightli_arrival_boilingwater, layout_loops_ring,
          hellmonk_ecumenical_altar_heavens_door, kennysheep_small_spiral,
          minmay_hexomino_u4
D:2:      layout_loops_ring, grunt_ministairs_13, minmay_distorted
D:3:      layout_basic, marbit_many_paths

Skill      XL: |  1  2  3 |
---------------+----------+-----
Long Blades    | 3 |  3.8
Armour         | 4 |  4.5
Fighting       | |  3.6
Shields        | |  3.2

Action                   |  1- 3 |  4- 6 || total
-------------------------+-------+-------++-------
Melee: Long sword        |   105 |    28 ||   133
Armor: Scale mail        |    54 |    20 ||    74
Dodge: Dodged            |    55 |    13 ||    68
       Rpst.: Long sword |    19 |     4 ||    23
